 Dungeon Crawl Stone Soup version 0.29-a0-520-gc852659d43 (webtiles) character file.

Game seed: 13283426417181523990

29 jifgo the Conjurer (level 3, 24/24 HPs)
             Began as a Demonspawn Conjurer on June 1, 2022.
             Got out of the dungeon alive.
             The game lasted 00:02:26 (1554 turns).

jifgo the Conjurer (Demonspawn Conjurer)            Turns: 1554, Time: 00:02:26

Health: 24/24      AC:  2    Str:  7    XL:     3   Next: 1%
Magic:  7/7        EV: 12    Int: 21    God:
Gold:   8          SH:  0    Dex: 11    Spells: 4/7 levels left

rFire   . . .      SeeInvis .   g - +0 rapier
rCold   + . .      Faith    .   (no shield)
rNeg    . . .      Spirit   .   a - +0 robe
rPois   .          Reflect  .   (no helmet)
rElec   .          Harm     .   (no cloak)
rCorr   .          Rampage  .   (no gloves)
Will    .....                   (no boots)
Stlth   ++........              j - amulet of the acrobat
HPRegen 0.08/turn               l - ring of protection from cold
MPRegen 0.20/turn               r - ring of wizardry

@: no status effects
A: foul stench 1, magic regeneration
a: no special abilities


You escaped.
You visited 1 branch of the dungeon, and saw 2 of its levels.

You collected 8 gold pieces.

Inventory:

Hand Weapons
 g - a +0 rapier (weapon)
Missiles
 m - 6 javelins
Armour
 a - a +0 robe (worn)
Jewellery
 e - an amulet of guardian spirit
 j - an amulet of the acrobat (around neck)
 l - a ring of protection from cold (left hand)
 r - a ring of wizardry (right hand)
Scrolls
 c - 3 scrolls of poison {unknown}
 d - a scroll of amnesia {unknown}
 f - a scroll of teleportation {unknown}
 h - 2 scrolls of magic mapping {unknown}
 i - a scroll of identify {unknown}
 k - a scroll of blinking {unknown}
 q - a scroll of vulnerability {unknown}
Potions
 b - a potion of magic
 n - a potion of brilliance {unknown}
 o - a potion of degeneration {unknown}
 p - a potion of heal wounds {unknown}


   Skills:
 - Level 1.7 Dodging
 - Level 1.7 Stealth
 + Level 2.7 Spellcasting
 + Level 4.5 Conjurations


You had 4 spell levels left.
You knew the following spells:

 Your Spells              Type           Power      Damage    Failure   Level
a - Searing Ray           Conj           42%        2d6       1%          2
x - Magic Dart            Conj           84%        1d7       1%          1

Your spell library contained the following spells:

 Spells                   Type           Power      Damage    Failure   Level
 Dazzling Flash           Conj/Hex       24%        N/A       6%          3
 Fulminant Prism          Conj/Hex       6%         3d7       21%         4
 Iskenderun's Mystic Bla  Conj/Tloc      12%        2d5       21%         4


Dungeon Overview and Level Annotations

Branches:
Dungeon (2/15)

Altars:


Innate Abilities, Weirdness & Mutations

You may rarely emit foul miasma when damaged in melee.
You regenerate magic rapidly.


Message History

Magic restored.
q - a scroll labelled UTUUTT XUEQOEQ
r - a ring of wizardry
r - a ring of wizardry (right hand)
You open the door.
There is an open door here.
You now have 8 gold pieces (gained 3).
A giant cockroach comes into view.
Casting: Magic Dart (safe; 1% risk of failure)
Confirm with . or Enter, or press ? or * to list all spells.
Aiming: Magic Dart (safe; 1% risk of failure)
Press: ? - help, Shift-Dir - straight line, f - giant cockroach
Aim: a giant cockroach (asleep, 100% to hit)
The magic dart hits the giant cockroach.
The giant cockroach is almost dead.
Casting: Magic Dart (safe; 1% risk of failure)
Confirm with . or Enter, or press ? or * to list all spells.
Aiming: Magic Dart (safe; 1% risk of failure)
Press: ? - help, Shift-Dir - straight line, f/p - giant cockroach
Aim: a giant cockroach (almost dead, 100% to hit)
The magic dart hits the giant cockroach.
You kill the giant cockroach!
You have reached level 3!
Your experience leads to an increase in your attributes!
Increase (S)trength, (I)ntelligence, or (D)exterity?
You feel clever. x2; Your demonic ancestry asserts itself...
You begin to emit a foul stench of rot and decay.
h - 2 scrolls labelled OLAZORH YNOCS (gained 1)
There is an open door here.
Found a whip.
Found a scroll labelled LUUMIPPEHE.
You see here a rat skeleton.
There is a stone staircase leading down here.
You see here a quokka skeleton.
There is a stone staircase leading up here.
You climb upwards.
There is a stone staircase leading down here.
There is a staircase leading out of the dungeon here.
Are you sure you want to leave the Dungeon?
This will make you lose the game!
You have escaped!

#.....#########......# #.#.#
#.....#..............# #...#
#.....#..≈)..(...≈...# ##..#
###...###.≈≈≈.....≈≈≈..#######..#
.##.....#..≈.......≈............#
.######.#...................##.)#
..# #.........>≈............##...
..###+#.......≈≈≈...........##..#
...............≈@...........##..#
###.........................##...
...........≈.......≈........##...
##........≈≈≈.....≈≈≈.......##...
#..###.#..≈.......≈........##...
#..# #.#.............#'#####..>.
#..###...##..............# #....
#......#.##.#######......# #....
#.#.........# #......# #....


There were no monsters in sight!

Vanquished Creatures
  An adder (D:2)
  2 giant cockroaches
  2 goblins (D:1)
  2 quokkas
  3 ball pythons
  5 bats
  A frilled lizard (D:1)
  A kobold (D:1)
  6 rats
23 creatures vanquished.

Notes
Turn   | Place    | Note
-------+----------+-------------------------------------------
     0 | D:1      | jifgo the Demonspawn Conjurer began the quest for the Orb.
     0 | D:1      | Reached XP level 1. HP: 13/13 MP: 3/3
   300 | D:1      | Gained mutation: You regenerate magic rapidly. [demonic
                  | ancestry]
   300 | D:1      | Reached XP level 2. HP: 19/19 MP: 0/5
   516 | D:1      | Found a faded altar of an unknown god.
   967 | D:1      | Learned a level 2 spell: Searing Ray
  1357 | D:2      | Gained mutation: You may rarely emit foul miasma when
                  | damaged in melee. [demonic ancestry]
  1357 | D:2      | Reached XP level 3. HP: 24/24 MP: 4/7
  1554 | D:$      | Got out of the dungeon alive.

Illustrated notes

Levels and vault maps discovered:
D:1:      minmay_arrival_five_plusses, layout_basic,
          shapermc_ecumenical_altar_venn, minmay_fountain_box
D:2:      layout_basic, uniq_robin

Action                   || total
-------------------------++-------
Melee: Rapier            ||     2
 Cast: Magic Dart        ||    44
       Searing Ray       ||     1
Dodge: Dodged            ||     8

Table legend: (Time is in decaauts)
 A = Elapsed time spent in this place.
 B = Non-inter-level travel time spent in this place.
 C = Inter-level travel time spent in this place.
 D = Time resting spent in this place.
 E = Time spent auto-exploring this place.
 F = Levels seen in this place.
 G = Mean time per level.
                   A        B        C        D        E       F      G
               +--------+--------+--------+--------+--------+-----+--------+
         Total |   1553 |   1317 |    236 |    309 |    848 |   2 |  776.5 |
       Dungeon |   1553 |   1317 |    236 |    309 |    848 |   2 |  776.5 |
               +--------+--------+--------+--------+--------+-----+--------+

Top non-repeatable levels by time:
     D:1: 1005 daAuts
     D:2: 547 daAuts
